[Event "Team 45 45 League T56"]
[Site "Internet Chess Club"]
[Date "2013.02.27"]
[Round "1"]
[White "lacibacsi"]
[Black "BigH"]
[Result "1/2-1/2"]
[WhiteElo "2039"]
[BlackElo "2168"]
[Opening "Sicilian: closed, 6.Be3"]
[ECO "B26"]
[Time "15:21:44"]
[TimeControl "2700+45"]

1. e4 c5 2. Nc3 Nc6 3. g3 g6 4. Bg2 Bg7 5. d3 d6 6. Be3 e5 7. Qd2 Be6 8. f4 Nge7
9. Nf3 Nd4 10. O-O O-O 11. Nd1 b6 12. Ng5 Bd7 13. c3 Ndc6 14. f5 f6 15. Ne6 Bxe6
16. fxe6 Qc8 17. Bh3 f5 18. Bh6 Qxe6 19. Bxg7 Kxg7 20. Ne3 h6 21. Rf2 Rf7 22.
Qe2 Raf8 23. Raf1 Qf6 24. exf5 Qg5 25. fxg6 Rxf2 26. Rxf2 Rxf2 27. Qxf2 Qxg6 28.
Nf5+ Nxf5 29. Qxf5 Qxf5 30. Bxf5 d5 31. Kf2 Kf6 32. Bd7 Nd8 33. Kf3 Nf7 34. Bc8
Nd6 35. Bh3 e4+ 36. dxe4 Nxe4 37. Kf4 Nf2 38. Bf1 Nd1 39. Bg2 Ke6 40. Bh3+ Kd6
41. Kf5 Nxb2 42. Kg6 Nc4 43. Kxh6 Ne3 44. g4 d4 45. cxd4 c4 46. g5 c3 47. g6 c2
48. g7 c1=Q 49. g8=Q Nf5+ 50. Kh5 Qh6+ 51. Kg4 Nxd4 52. Qb8+ {Game drawn by
mutual agreement} 1/2-1/2

[Event "Team 45 45 League T56"]
[Site "Internet Chess Club"]
[Date "2013.02.26"]
[Round "1"]
[White "zap2"]
[Black "mitus"]
[Result "1/2-1/2"]
[WhiteElo "1749"]
[BlackElo "1764"]
[Opening "Réti opening"]
[ECO "A05"]
[Time "04:42:21"]
[TimeControl "2700+45"]

1. Nf3 Nf6 2. g3 Nc6 3. Bg2 e5 4. d3 d5 5. Nbd2 Bc5 6. e4 dxe4 7. dxe4 O-O 8.
O-O Bg4 9. h3 Bh5 10. g4 Bg6 11. Nh4 Qd7 12. c3 Rad8 13. Qe2 Qd3 14. Qxd3 Rxd3
15. Nxg6 fxg6 16. Nc4 h6 17. Be3 Bxe3 18. Nxe3 Rfd8 19. Rfd1 Rd2 20. Rab1 Rxd1+
21. Rxd1 Rxd1+ 22. Nxd1 Kf7 23. Ne3 Ke6 24. Nd5 Kd6 25. Kf1 Nd8 26. Ke2 Ne6 27.
Ke3 c6 28. Nb4 Nf4 29. Bf1 a5 30. Nd3 Nxd3 31. Bxd3 g5 32. b4 b6 33. Bc4 Nd7 34.
a3 b5 35. Bf7 axb4 36. cxb4 Ke7 37. Bb3 Nf8 38. a4 bxa4 39. Bxa4 Kd6 40. Bb3 Ng6
41. Bc4 Nf4 42. Bf1 Kc7 43. Kd2 Kb6 44. Kc3 Ne6 45. Kc4 Nf4 46. Kc3 Kc7 47. Kc4
Kd6 48. Kc3 {Game drawn by mutual agreement} 1/2-1/2

[Event "Team 45 45 League T56"]
[Site "Internet Chess Club"]
[Date "2013.02.24"]
[Round "1"]
[White "BYOB69"]
[Black "latayvia"]
[Result "1/2-1/2"]
[WhiteElo "1850"]
[BlackElo "1820"]
[Opening "Levitsky attack (Queen's bishop attack)"]
[ECO "D00"]
[Time "11:00:42"]
[TimeControl "2700+45"]

1. d4 d5 2. Bg5 Nf6 3. Bxf6 gxf6 4. e3 c5 5. c3 Qb6 6. Qb3 Nc6 7. Qxb6 axb6 8.
Na3 Bf5 9. Nb5 Kd7 10. Nf3 Na5 11. Nd2 cxd4 12. exd4 Bh6 13. Be2 Rhg8 14. g3 Bh3
15. f4 Bg2 16. Rg1 Bh3 17. Bf3 e6 18. Ke2 Nc6 19. a3 Bg4 20. Bxg4 Rxg4 21. Nf3
Rag8 22. Rge1 Na5 23. Nd2 Bf8 24. Kd3 h5 25. b4 Nc6 26. c4 h4 27. cxd5 exd5 28.
Nf1 f5 29. Re3 Bg7 30. Rae1 Ra8 31. Nd2 hxg3 32. hxg3 Bf6 33. Nb1 Rag8 34. N1c3
Ne7 35. Ne2 {Game drawn by mutual agreement} 1/2-1/2

[Event "Team 45 45 League T56"]
[Site "Internet Chess Club"]
[Date "2013.02.21"]
[Round "1"]
[White "badmove"]
[Black "Altairus"]
[Result "1/2-1/2"]
[WhiteElo "1655"]
[BlackElo "1700"]
[Opening "Nimzo-Indian: Kmoch variation"]
[ECO "E20"]
[Time "17:06:17"]
[TimeControl "2700+45"]

1. d4 Nf6 2. c4 e6 3. Nc3 Bb4 4. f3 d5 5. a3 Bxc3+ 6. bxc3 h6 7. cxd5 exd5 8. e3
O-O 9. Bd3 b6 10. Ne2 Bb7 11. O-O Nbd7 12. Ng3 Re8 13. Ra2 c5 14. Re2 cxd4 15.
cxd4 a6 16. e4 dxe4 17. fxe4 b5 18. Bb1 Qb6 19. Kh1 Rad8 20. Qb3 Qxd4 21. Bb2
Qc4 22. Qf3 Ne5 23. Qf4 Ng6 24. Qf3 {Game drawn by mutual agreement} 1/2-1/2

[Event "Team 45 45 League T56"]
[Site "Internet Chess Club"]
[Date "2013.02.22"]
[Round "1"]
[White "RedAttack"]
[Black "creditordebit"]
[Result "1/2-1/2"]
[WhiteElo "1854"]
[BlackElo "1861"]
[Opening "English opening"]
[ECO "E67"]
[Time "19:30:31"]
[TimeControl "2700+45"]

1. c4 Nf6 2. Nf3 d6 3. d4 g6 4. g3 Bg7 5. Bg2 O-O 6. O-O Nbd7 7. Nc3 c6 8. Bg5
h6 9. Bd2 Qc7 10. Qc1 Kh7 11. e4 e5 12. d5 cxd5 13. cxd5 Nc5 14. Ne1 Bd7 15. b4
Na6 16. Qb2 Nh5 17. Rc1 f5 18. Qb1 Rac8 19. Nd3 Qb8 20. a3 Nc7 21. Qb3 Nb5 22.
Nxb5 Bxb5 23. a4 Bd7 24. b5 fxe4 25. Bxe4 Nf6 26. Bg2 Rfd8 27. Nb2 Bf5 28. Nc4
Ne4 29. Bb4 Nc5 30. Bxc5 Rxc5 31. Ne3 Rdc8 32. Rxc5 Rxc5 33. Nxf5 gxf5 34. Qf3
Qf8 35. Bh3 Kg6 36. Rd1 h5 37. Bf1 e4 38. Qb3 Qf6 39. b6 a5 40. Bb5 Qc3 41. Be8+
Kh6 42. Qa2 Qc2 43. Qxc2 Rxc2 44. Bd7 Kg6 45. h4 Bc3 46. Bc8 Bd4 47. Bxf5+ Kxf5
48. Rxd4 Ke5 49. Rd1 Rc5 50. Kg2 Rxd5 51. Rxd5+ Kxd5 52. g4 hxg4 53. h5 Ke5 54.
Kg3 d5 55. h6 Kf6 56. Kxg4 d4 57. Kf4 d3 58. Ke3 Kg6 59. f3 exf3 60. Kxf3 Kxh6
61. Ke3 Kg6 62. Kxd3 Kf6 63. Kd4 Ke6 64. Kc5 Ke5 65. Kb5 Kd5 66. Kxa5 {Game
drawn by mutual agreement} 1/2-1/2

[Event "Team 45 45 League T56"]
[Site "Internet Chess Club"]
[Date "2013.02.21"]
[Round "1"]
[White "fishhead"]
[Black "frank001"]
[Result "1-0"]
[WhiteElo "2013"]
[BlackElo "1807"]
[Opening "King's pawn opening"]
[ECO "B07"]
[Time "03:02:17"]
[TimeControl "2700+45"]

1. e4 d6 2. f4 g6 3. Nf3 Bg7 4. d3 Nf6 5. g3 O-O 6. Bg2 c5 7. O-O Nc6 8. c3 Qc7
9. Qe2 Nd7 10. Nbd2 Rb8 11. Nc4 b6 12. Ne3 e6 13. f5 exf5 14. Nd5 Qd8 15. exf5
Re8 16. Qf2 Ba6 17. fxg6 hxg6 18. Ng5 f5 19. Nf4 Nce5 20. Bd5+ Kh8 21. Nxg6+
{Black resigns} 1-0

[Event "Team 45 45 League T56"]
[Site "Internet Chess Club"]
[Date "2013.02.22"]
[Round "1"]
[White "Portola"]
[Black "chrisgianno"]
[Result "1-0"]
[WhiteElo "1876"]
[BlackElo "1657"]
[Opening "Queen's pawn"]
[ECO "A40"]
[Time "15:02:36"]
[TimeControl "2700+45"]

1. d4 e6 2. Nf3 f5 3. Bf4 Nf6 4. h3 d5 5. e3 Bd6 6. Ne5 Nbd7 7. Nd2 Ne4 8. Qh5+
g6 9. Qd1 O-O 10. Be2 Nxe5 11. dxe5 Be7 12. Nxe4 fxe4 13. O-O Bd7 14. c3 Qe8 15.
Qc2 Qf7 16. Bh6 Rfc8 17. f4 Bd6 18. exd6 cxd6 19. Qd2 {Black resigns} 1-0

[Event "Team 45 45 League T56"]
[Site "Internet Chess Club"]
[Date "2013.02.24"]
[Round "1"]
[White "jps7"]
[Black "Andaluz"]
[Result "1-0"]
[WhiteElo "1801"]
[BlackElo "1083"]
[Opening "Modern defense"]
[ECO "A40"]
[Time "13:00:51"]
[TimeControl "2700+45"]

1. d4 g6 2. Nf3 Bg7 3. e3 Nf6 4. Bd3 d6 5. h3 b6 6. O-O Ba6 7. c4 d5 8. b3 O-O
9. Bb2 Re8 10. Ne5 e6 11. Nc3 Nfd7 12. f4 f6 13. Ng4 Nc6 14. cxd5 Bxd3 15. Qxd3
Nb4 16. Qc4 Nxd5 17. Nxd5 exd5 18. Qxd5+ Kh8 19. Rac1 Rc8 20. Rfe1 f5 21. Ne5
Nxe5 22. Qxd8 Rexd8 23. fxe5 c5 24. Red1 Kg8 25. d5 Re8 26. d6 Rcd8 27. Rd5 Rd7
28. Rcd1 Kf7 29. Kf2 Ke6 30. Kf3 h6 31. Ba1 Bh8 32. e4 g5 33. exf5+ Kxf5 34. Re1
Ke6 35. Ke4 Rf8 36. g3 Rf2 37. a4 Bg7 38. Re3 Rf1 39. Bc3 Rb1 40. Bd2 Rd1 41.
Rf3 Rb1 42. Rfd3 Ra1 43. Rf3 Rd1 44. Rf5 Rb1 45. Rd3 Rd1 46. g4 a6 47. Bc3 Rxd3
48. Kxd3 Kd5 49. Ke3 b5 50. axb5 axb5 51. b4 c4 52. Bd4 Rb7 53. Bc3 Rd7 54. e6+
Kxe6 55. Bxg7 Rxg7 56. Rxb5 Kxd6 57. Rb6+ Kd5 58. Rxh6 Re7+ 59. Kd2 Re6 60. Rxe6
Kxe6 61. Kc3 Kd5 62. b5 Kc5 63. b6 Kxb6 64. Kxc4 Kc6 65. Kd4 Kd6 66. Ke4 Ke6 67.
Kf3 Ke5 68. Kg3 Kf6 69. Kf2 Kg6 70. Ke3 Kf6 71. Kd4 Ke6 72. Ke4 Kf6 73. Kd5 Kg6
74. Ke6 Kh6 75. Kf6 {Black resigns} 1-0

[Event "Team 45 45 League T56"]
[Site "Internet Chess Club"]
[Date "2013.02.20"]
[Round "1"]
[White "adypady"]
[Black "Muravey"]
[Result "1-0"]
[WhiteElo "1938"]
[BlackElo "2001"]
[Opening "Scandinavian (center counter) defense"]
[ECO "B01"]
[Time "17:00:42"]
[TimeControl "2700+45"]

1. e4 d5 2. Nc3 dxe4 3. Nxe4 Nf6 4. Nxf6+ exf6 5. d4 Be6 6. Nf3 Nc6 7. c3 Be7 8.
Bd3 O-O 9. O-O Re8 10. Bf4 Bd6 11. Bxd6 Qxd6 12. Qc2 h6 13. Rad1 Bd5 14. Nh4 Qf4
15. Nf5 Qg5 16. f3 g6 17. h4 Qf4 18. g3 Qxf5 19. Bxf5 gxf5 20. Qxf5 Bxa2 21.
Rfe1 Kg7 22. Qd7 Rec8 23. d5 Ne5 24. Rxe5 fxe5 25. Qa4 Bxd5 26. Rxd5 Re8 27.
Qg4+ Kf6 28. Qh5 Kg7 29. Rxe5 Rad8 30. Rxe8 Rxe8 31. Qg4+ Kh8 32. Qd4+ Kh7 33.
Qxa7 Re1+ 34. Kf2 {Black resigns} 1-0

[Event "Team 45 45 League T56"]
[Site "Internet Chess Club"]
[Date "2013.02.24"]
[Round "1"]
[White "Constrictor"]
[Black "DutchBird"]
[Result "0-1"]
[WhiteElo "1662"]
[BlackElo "1560"]
[Opening "Grünfeld with Bf4 & e3"]
[ECO "D93"]
[Time "16:00:53"]
[TimeControl "2700+45"]

1. Nf3 Nf6 2. d4 d5 3. c4 g6 4. Nc3 Bg7 5. Bf4 O-O 6. e3 c5 7. dxc5 Qa5 8. Rc1
dxc4 9. Bxc4 Qxc5 10. Nb5 Qb4+ 11. Kf1 Be6 12. Bxe6 Qxb5+ 13. Bc4 Qd7 14. Qb3
Nc6 15. Bb5 Ne4 16. Ke2 Rad8 17. Rhd1 Qc8 18. Ne5 Bxe5 19. Bxe5 Rxd1 20. Qxd1
Rd8 21. Bd4 Qg4+ 22. Kf1 Qxd1+ 23. Rxd1 e5 24. f3 Nf6 25. Rc1 exd4 26. Bxc6 Rc8
27. exd4 Rxc6 28. Rxc6 bxc6 29. Ke2 Kf8 30. b4 Nd5 31. a3 Ke7 32. g3 f5 33. Kd3
Kd6 34. Kc4 a6 35. Kd3 Nb6 36. f4 Kd5 37. h3 Nc4 {White resigns} 0-1

[Event "Team 45 45 League T56"]
[Site "Internet Chess Club"]
[Date "2013.02.23"]
[Round "1"]
[White "mellizas2003"]
[Black "ghostfire"]
[Result "1-0"]
[WhiteElo "1679"]
[BlackElo "1712"]
[Opening "King's pawn game"]
[ECO "C50"]
[Time "14:00:40"]
[TimeControl "2700+45"]

1. e4 e5 2. Nf3 Nc6 3. Bc4 d6 4. d4 exd4 5. Nxd4 Nf6 6. Nc3 Ne5 7. Be2 Be7 8. f4
Nc6 9. Nxc6 bxc6 10. Bf3 Bb7 11. Be3 O-O 12. O-O Re8 13. Qe2 Qc8 14. Rad1 Ba6
15. Qf2 Bxf1 16. Rxf1 Ng4 17. Qe2 Nxe3 18. Qxe3 Qb7 19. Kh1 Bf6 20. e5 dxe5 21.
Qc5 Re6 22. f5 Rd6 23. Ne4 Qa6 24. Ra1 Rdd8 25. Nxf6+ gxf6 26. Bxc6 Rd6 27. Bxa8
Qe2 28. Bf3 Qb5 {Black resigns} 1-0

[Event "Team 45 45 League T56"]
[Site "Internet Chess Club"]
[Date "2013.02.22"]
[Round "1"]
[White "Frankly"]
[Black "PaulaR"]
[Result "1-0"]
[WhiteElo "1865"]
[BlackElo "1564"]
[Opening "French: advance, Nimzovich system"]
[ECO "C02"]
[Time "14:30:06"]
[TimeControl "2700+45"]

1. e4 e6 2. d4 d5 3. e5 c5 4. Nf3 Nc6 5. Bb5 Qb6 6. Bxc6+ bxc6 7. O-O Ba6 8. Re1
cxd4 9. Nxd4 Bc5 10. c3 Bf8 11. Qc2 c5 12. Qa4+ Kd8 13. Bg5+ Kc7 14. Nf3 Bb5 15.
Qf4 Be8 16. Qd2 Rb8 17. b3 c4 18. Be3 Bc5 19. Bxc5 Qxc5 20. b4 Qc6 21. a4 Qa6
22. Qc2 Ne7 23. Nd4 Nc6 24. Nxc6 Qxc6 25. b5 Qc5 26. Nd2 a6 27. bxa6 Qa5 28. Nf3
Qxa6 29. Nd4 Bd7 30. h3 Rb7 31. f4 Rhb8 32. Qxh7 Qa5 33. Rec1 Bxa4 34. Qxg7 Kd8
35. Nc6+ Bxc6 36. Rxa5 {Black resigns} 1-0

[Event "Team 45 45 League T56"]
[Site "Internet Chess Club"]
[Date "2013.02.26"]
[Round "1"]
[White "HelioAraujo"]
[Black "daniguti"]
[Result "0-1"]
[WhiteElo "1865"]
[BlackElo "1892"]
[Opening "Sicilian: Hungarian variation"]
[ECO "B27"]
[Time "18:16:36"]
[TimeControl "2700+45"]

1. e4 c5 2. Nf3 g6 3. Nc3 Nc6 4. Bb5 Bg7 5. O-O d6 6. d4 cxd4 7. Nxd4 Bd7 8.
Nxc6 Bxc6 9. Bd2 Nf6 10. f3 Qb6+ 11. Kh1 Bxb5 {White resigns} 0-1

[Event "Team 45 45 League T56"]
[Site "Internet Chess Club"]
[Date "2013.02.27"]
[Round "1"]
[White "jjimalo"]
[Black "paulolima2016"]
[Result "1/2-1/2"]
[WhiteElo "1865"]
[BlackElo "1983"]
[Opening "Queen's pawn game, Darooha variation "]
[ECO "D11"]
[Time "15:01:44"]
[TimeControl "2700+45"]

1. d4 d5 2. Nf3 Nf6 3. c4 c6 4. g3 h6 5. Bg2 Bf5 6. Nc3 e6 7. O-O Bd6 8. Re1
Nbd7 9. cxd5 exd5 10. Nh4 Bh7 11. e4 dxe4 12. Nxe4 Nxe4 13. Bxe4 O-O 14. Bxh7+
Kxh7 15. Nf5 Bb4 16. Bd2 Bxd2 17. Qxd2 Qf6 18. Qd3 g6 19. Ne3 Rad8 20. Qc3 Rfe8
21. Rad1 Nb6 22. Kg2 h5 23. h4 Re6 24. Rd3 Nd5 25. Nxd5 Rxd5 26. Rxe6 Qxe6 27.
Re3 Qd6 28. Re4 f5 29. Rf4 c5 30. dxc5 Rxc5 31. Qb3 Qc6+ 32. Rf3 Kg7 33. Kh2 Rc1
34. Qe3 Kf7 35. Qb3+ Kg7 36. Qe3 Qc5 37. Qxc5 Rxc5 38. Rd3 Kh6 39. Rd2 Rc6 40.
Kg2 g5 41. hxg5+ Kxg5 42. a3 b6 43. Re2 a5 44. Rd2 Rc5 45. Rd6 f4 46. Rxb6 fxg3
47. Kxg3 h4+ 48. Kh3 Rf5 49. Kg2 Rd5 50. b4 axb4 51. Rxb4 Rd3 52. a4 h3+ 53. Kh2
Ra3 54. a5 Ra2 55. Kxh3 Rxf2 56. Ra4 Rf8 57. a6 Ra8 58. a7 Kf6 59. Kg4 Ke7 60.
Kf5 Kd7 61. Rh4 Kc7 62. Rh7+ Kb6 63. Ke5 Rxa7 64. Rxa7 Kxa7 {Game drawn because
neither player has mating material} 1/2-1/2

[Event "Team 45 45 League T56"]
[Site "Internet Chess Club"]
[Date "2013.02.21"]
[Round "1"]
[White "Inquisiteur"]
[Black "room-matt"]
[Result "0-1"]
[WhiteElo "1565"]
[BlackElo "1802"]
[Opening "Budapest: Adler variation"]
[ECO "A52"]
[Time "15:01:02"]
[TimeControl "2700+45"]

1. d4 Nf6 2. c4 e5 3. dxe5 Ng4 4. Nf3 Bc5 5. e3 Nc6 6. Be2 O-O 7. Nc3 Ngxe5 8.
Nxe5 Nxe5 9. b3 Re8 10. Bb2 a5 11. O-O Ra6 12. Na4 Bf8 13. c5 Rg6 14. g3 d6 15.
cxd6 Rxd6 16. Qc1 Ng6 17. Rd1 b6 18. Bf3 Ne5 19. Bxe5 Rxe5 20. Nb2 Rxd1+ 21.
Qxd1 Qf6 22. Nc4 Rf5 23. Bg4 Rd5 24. Bxc8 Rxd1+ 25. Rxd1 h6 26. Bd7 Qf3 27. Rf1
Qe2 28. Ra1 g5 29. f4 gxf4 30. exf4 Bc5+ {White resigns} 0-1

[Event "Team 45 45 League T56"]
[Site "Internet Chess Club"]
[Date "2013.02.23"]
[Round "1"]
[White "TerryMalloy"]
[Black "SaltofLife"]
[Result "1-0"]
[WhiteElo "2072"]
[BlackElo "1895"]
[Opening "Sicilian: Kan, Maróczy bind (Réti variation)"]
[ECO "B28"]
[Time "15:18:23"]
[TimeControl "2700+45"]

1. e4 c5 2. Nf3 a6 3. c4 e6 4. d4 cxd4 5. Nxd4 Nf6 6. Nc3 Bb4 7. Bd3 Qc7 8. Bd2
Nc6 9. Nxc6 dxc6 10. O-O Bd6 11. f4 Bc5+ 12. Kh1 e5 13. f5 Bd7 14. Qe2 O-O-O 15.
b4 Bd4 16. b5 axb5 17. cxb5 Qd6 18. a4 h5 19. Rfc1 Ng4 20. Be1 g6 21. a5 gxf5
22. a6 Kb8 23. axb7 Kxb7 24. bxc6+ Bxc6 25. Ba6+ Ka7 26. Qb2 Bb6 27. Bc8+ Kb8
28. Qxb6+ Kxc8 29. Nb5 {Black resigns} 1-0

[Event "Team 45 45 League T56"]
[Site "Internet Chess Club"]
[Date "2013.02.23"]
[Round "1"]
[White "fishhead"]
[Black "MeWantCookie"]
[Result "0-1"]
[WhiteElo "1922"]
[BlackElo "2043"]
[Opening "Owen defense"]
[ECO "B00"]
[Time "15:26:46"]
[TimeControl "2700+45"]

1. e4 b6 2. d3 Bb7 3. f4 e6 4. Nf3 d5 5. Nbd2 Nh6 6. Qe2 Be7 7. g3 Nc6 8. Bg2
Nb4 9. Nb3 dxe4 10. dxe4 Ba6 11. Qd2 Qxd2+ 12. Kxd2 Rd8+ 13. Kc3 Ng4 14. a3 c5
15. Nbd2 Nxc2 16. Kxc2 Ne3+ 17. Kb3 Nxg2 18. Ne5 Ne3 19. Re1 f6 20. Rxe3 fxe5
21. Nf3 exf4 22. gxf4 Rd3+ 23. Kc2 Rd6 24. Bd2 O-O 25. Rc3 Rfd8 26. Re1 Bh4 27.
Rd1 Bf2 28. e5 Rd5 29. Ng5 Be2 30. Ne4 Bxd1+ 31. Kxd1 Rd4 32. Nd6 Bh4 33. Ke2
Be7 34. Be3 Bxd6 35. exd6 R4xd6 36. Kf3 Rd3 37. Rc2 Rb3 38. Ke4 Rd1 39. Bd2 Rh3
40. Bc3 Rh1 41. Rg2 g6 42. Ke5 R1xh2 43. Rg1 Re2+ 44. Kd6 Rd3+ 45. Ke7 Rxc3 46.
bxc3 Re3 47. Kf6 Re4 48. Rd1 Rxf4+ 49. Kxe6 Rf7 {White resigns} 0-1

[Event "Team 45 45 League T56"]
[Site "Internet Chess Club"]
[Date "2013.02.24"]
[Round "1"]
[White "IshanR"]
[Black "jonesey"]
[Result "0-1"]
[WhiteElo "1793"]
[BlackElo "1854"]
[Opening "Caro-Kann defense"]
[ECO "B12"]
[Time "04:06:45"]
[TimeControl "2700+45"]

1. e4 c6 2. d4 Qb6 3. c4 d6 4. f4 Nf6 5. e5 Ne4 6. Nf3 Bg4 7. Bd3 d5 8. O-O Bxf3
9. Qxf3 Qxd4+ 10. Kh1 e6 11. Bxe4 dxe4 12. Qb3 Qd3 13. Qxd3 exd3 14. Be3 Na6 15.
Nc3 b6 16. Rad1 O-O-O 17. Rd2 Bc5 18. Bxc5 Nxc5 19. b4 Nb7 20. Nd1 Rd4 21. Nb2
Rhd8 22. Rf3 Re4 23. Kg1 Kc7 24. Kf2 c5 25. a3 cxb4 26. axb4 a5 27. g3 axb4 28.
Rfxd3 Rxd3 29. Rxd3 Na5 30. Rd1 Nxc4 31. Na4 b3 32. Kf3 Nd2+ {White resigns} 0-1

[Event "Team 45 45 League T56"]
[Site "Internet Chess Club"]
[Date "2013.02.23"]
[Round "1"]
[White "O00O"]
[Black "nurmi"]
[Result "1-0"]
[WhiteElo "1974"]
[BlackElo "1959"]
[Opening "Queen's Pawn"]
[ECO "A41"]
[Time "18:01:04"]
[TimeControl "2700+45"]

1. d4 d6 2. Nf3 Nf6 3. c4 g6 4. g3 Bg7 5. Bg2 c5 6. dxc5 Qa5+ 7. Nc3 Qxc5 8. Qd4
Qa5 9. Bd2 Nc6 10. Qd3 Nb4 11. Qb1 Qc7 12. a3 Na6 13. b3 Bd7 14. O-O O-O 15. Nd4
Nc5 16. Ra2 a6 17. h3 Rab8 18. Be3 Ne6 19. Rc2 Qc8 20. Nd5 Re8 21. Nb6 Qd8 22.
Nxd7 Nxd4 23. Bxd4 Qxd7 24. Rd2 Rec8 25. Rfd1 Qc7 26. Qd3 Nd7 27. Bxg7 Kxg7 28.
Qd4+ Kg8 29. Rd3 Qc5 30. Qb2 Qe5 31. Qd2 Rc5 32. Re3 Qf6 33. Rf3 Qg7 34. Rd3 Ne5
35. Rd5 Nd7 36. Qe3 Qf6 37. Rxc5 Nxc5 38. b4 Nd7 39. c5 Ne5 40. cxd6 exd6 41.
Qb6 Qe7 42. Qxd6 Qe8 43. Rd4 Nc6 44. Bxc6 bxc6 45. e3 Kg7 46. Rc4 Rc8 47. Qd4+
Kg8 48. Qb6 Qe6 49. Qxa6 Qxh3 50. Rxc6 Rd8 51. Qf1 Qg4 52. Rc1 h5 53. Qc4 Rd1+
54. Kg2 {Black resigns} 1-0

[Event "Team 45 45 League T56"]
[Site "Internet Chess Club"]
[Date "2013.02.23"]
[Round "1"]
[White "koni"]
[Black "Cayenne"]
[Result "0-1"]
[WhiteElo "1858"]
[BlackElo "1880"]
[Opening "Réti opening"]
[ECO "A04"]
[Time "08:04:12"]
[TimeControl "2700+45"]

1. Nf3 d6 2. g3 e5 3. d3 f5 4. Nbd2 Nf6 5. e4 Be7 6. Bg2 O-O 7. O-O Nc6 8. c3 a5
9. a4 fxe4 10. dxe4 Qe8 11. Qe2 Qh5 12. Qc4+ Kh8 13. Nh4 Ng4 14. Nhf3 Bd7 15. h3
Nh6 16. Kh2 Ng4+ 17. Kg1 Nh6 18. Kh2 Rf6 19. Rh1 Raf8 20. Kg1 R6f7 21. b3 Bd8
22. Bb2 Ne7 23. b4 c6 24. bxa5 d5 25. Qd3 Bc7 26. Rf1 Qg6 27. Nh4 Qd6 28. a6
bxa6 29. Qxa6 Nhg8 30. Qe2 Nf6 31. Nhf3 h6 32. Ra1 dxe4 33. Nxe4 Nxe4 34. Qxe4
Bf5 35. Qe2 Bd3 36. Qe3 e4 37. Nd4 Nd5 38. Qe1 Rxf2 39. Qxf2 Rxf2 40. Kxf2 Qxg3+
41. Kg1 Qe3# {White checkmated} 0-1

[Event "Team 45 45 League T56"]
[Site "Internet Chess Club"]
[Date "2013.02.23"]
[Round "1"]
[White "chess09"]
[Black "poni"]
[Result "0-1"]
[WhiteElo "1946"]
[BlackElo "1887"]
[Opening "Old Indian defense"]
[ECO "A42"]
[Time "12:02:17"]
[TimeControl "2700+45"]

1. d4 d6 2. c4 e5 3. d5 f5 4. Nc3 Be7 5. e4 Nf6 6. Bd3 fxe4 7. Nxe4 Nbd7 8. Ne2
Nxe4 9. Bxe4 Bg5 10. Nc3 g6 11. O-O O-O 12. f3 a5 13. Qe2 Bxc1 14. Raxc1 Nc5 15.
Qc2 Qe7 16. Rce1 Qg5 17. Kh1 Bd7 18. a4 Rae8 19. Nb5 Bxb5 20. axb5 b6 21. g3 Re7
22. Kg2 Ref7 23. h4 Qh5 24. Qd1 Qh6 25. Qc2 Qh5 26. Qc3 Na4 27. Qd2 Nc5 28. Qe3
Nd7 29. Rh1 Nf6 30. Ref1 Nxe4 31. Qxe4 Qf5 32. Qxf5 Rxf5 33. Rf2 h5 34. Rhf1 Kg7
35. f4 exf4 36. Rxf4 R8f7 37. b3 R7f6 38. R1f3 Kf7 39. Kf2 Rxf4 40. Rxf4 Rf5 41.
Kf3 Kg7 42. Ke3 Re5+ 43. Re4 Kf6 44. Kf4 Rf5+ 45. Ke3 Re5 46. Kd4 Rf5 47. Re8
Kg7 48. Re7+ Rf7 49. Rxf7+ Kxf7 50. Ke4 Ke8 51. Kf4 Kf8 52. g4 hxg4 53. Kxg4 Kg8
54. Kg5 Kg7 55. Kf4 Kf6 56. Kg4 Kf7 57. h5 gxh5+ 58. Kxh5 Kf6 59. Kh6 Ke5 60.
Kg6 Kd4 61. Kf6 Kc3 62. Ke7 Kxb3 63. Kd7 a4 64. Kxc7 a3 65. c5 a2 66. cxb6 a1=Q
67. b7 Qg7+ 68. Kc6 Qf8 69. Kc7 Qe7+ 70. Kc8 Kb4 71. b6 Kb5 72. b8=Q Qe8+ 73.
Kc7 Qxb8+ 74. Kxb8 Kxb6 75. Kc8 Kc5 76. Kc7 Kxd5 77. Kd7 Ke5 78. Kc6 d5 79. Kc5
Ke4 80. Kb4 Kd3 81. Kb3 d4 82. Kb2 Kd2 83. Kb1 d3 84. Kb2 Ke1 85. Kc1 d2+ 86.
Kc2 d1=Q+ 87. Kc3 Ke2 88. Kc4 Ke3 89. Kc5 Ke4 90. Kc6 Ke5 91. Kc5 Qc2+ 92. Kb6
Kd5 93. Kb7 Kd6 94. Kb8 Kd7 95. Kb7 Qb3+ 96. Ka6 Kc7 97. Ka5 Kc6 98. Ka6 Qb6#
{White checkmated} 0-1

[Event "Team 45 45 League T56"]
[Site "Internet Chess Club"]
[Date "2013.02.23"]
[Round "1"]
[White "infiniteshug"]
[Black "typhoon"]
[Result "0-1"]
[WhiteElo "1809"]
[BlackElo "1574"]
[Opening "Hungarian defense"]
[ECO "C50"]
[Time "14:42:49"]
[TimeControl "2700+45"]

1. e4 e5 2. Nf3 Nc6 3. Bc4 Be7 4. d3 Nf6 5. c3 O-O 6. Nbd2 d5 7. Bb3 Bg4 8. Qe2
d4 9. c4 a5 10. Ba4 Na7 11. h3 Bxf3 12. Qxf3 c6 13. a3 b5 14. cxb5 cxb5 15. Bb3
a4 16. Ba2 Rc8 17. Bb1 Rxc1+ 18. Ke2 Rxh1 19. g4 Rc1 20. g5 Nd7 21. h4 Nc6 22.
g6 hxg6 23. h5 gxh5 24. Qxh5 Nf6 25. Qf5 Qd7 26. Qf3 Qg4 27. Qxg4 Nxg4 {White
resigns} 0-1

[Event "Team 45 45 League T56"]
[Site "Internet Chess Club"]
[Date "2013.02.21"]
[Round "1"]
[White "Chatica"]
[Black "searchforbobby1"]
[Result "1/2-1/2"]
[WhiteElo "2266"]
[BlackElo "2132"]
[Opening "French: MacCutcheon, Dr. Olland (Dutch) variation"]
[ECO "C12"]
[Time "21:02:09"]
[TimeControl "2700+45"]

1. e4 e6 2. d4 d5 3. Nc3 Nf6 4. Bg5 Bb4 5. e5 h6 6. Bc1 Ne4 7. Qg4 Kf8 8. Ne2 c5
9. a3 Ba5 10. dxc5 Nd7 11. b4 Nxe5 12. Qh5 Bc7 13. Nxe4 dxe4 14. Nc3 Qd4 15. Bb2
e3 16. fxe3 Qxe3+ 17. Qe2 Qxe2+ 18. Bxe2 a6 19. Ne4 Ke7 20. O-O-O f6 21. Nd6 Nf7
22. Nxc8+ Raxc8 23. Bf3 b6 24. Bb7 Rb8 25. c6 Nd6 26. Bxa6 b5 27. c4 bxc4 28.
Bxc4 Rb6 29. b5 Rd8 30. Rxd6 Rxd6 31. Re1 Rbxc6 32. bxc6 Rxc6 33. Rxe6+ Rxe6 34.
Bxe6 Kxe6 {Game drawn by mutual agreement} 1/2-1/2

[Event "Team 45 45 League T56"]
[Site "Internet Chess Club"]
[Date "2013.02.23"]
[Round "1"]
[White "lluisdp"]
[Black "eurander"]
[Result "0-1"]
[WhiteElo "2005"]
[BlackElo "2122"]
[Opening "Queen's bishop game"]
[ECO "D02"]
[Time "11:02:23"]
[TimeControl "2700+45"]

1. d4 d5 2. Nf3 Nf6 3. Bf4 Bf5 4. e3 e6 5. c4 c6 6. Nbd2 h6 7. Qb3 Qc8 8. h3
Nbd7 9. Rc1 Be7 10. g4 Bh7 11. Bg2 O-O 12. Ne5 Nxe5 13. dxe5 Ne4 14. Nxe4 Bxe4
15. Bxe4 dxe4 16. Qc2 Qc7 17. O-O Qa5 18. a3 Rad8 19. Qxe4 Rd2 20. Rc2 Rfd8 21.
Rxd2 Rxd2 22. Qb1 Qa4 23. e4 Re2 24. Qd3 Rxb2 25. Bc1 Rb3 26. Qd7 Bxa3 27. Qe8+
Bf8 28. g5 hxg5 29. Bxg5 Qa3 30. Rd1 Rxh3 31. Be3 Qa4 32. Rc1 Qa5 33. Qb8 b6 34.
Rd1 Qa4 35. Rc1 Rh4 36. Kg2 Rxe4 37. Kf3 Rxc4 38. Rg1 Qc2 39. Rg5 Qe4+ 40. Kg3
Ra4 41. Qd8 Ra1 42. Kh2 Rh1+ 43. Kg3 Rg1+ {White resigns} 0-1

[Event "Team 45 45 League T56"]
[Site "Internet Chess Club"]
[Date "2013.02.24"]
[Round "1"]
[White "SlimeDog2"]
[Black "Burning-Bush"]
[Result "0-1"]
[WhiteElo "2097"]
[BlackElo "2087"]
[Opening "Neo-Grünfeld, 6.cd Nxd5, 7.O-O"]
[ECO "D74"]
[Time "22:08:17"]
[TimeControl "2700+45"]

1. Nf3 Nf6 2. c4 g6 3. g3 Bg7 4. Bg2 O-O 5. O-O d5 6. cxd5 Nxd5 7. d4 Nc6 8. e4
Nb6 9. d5 Na5 10. Nc3 c6 11. Bf4 cxd5 12. exd5 Nac4 13. Qe2 Nxb2 14. Qxb2 Na4
15. Nxa4 Bxb2 16. Nxb2 Qxd5 17. Rfe1 Qb5 18. Nd1 Re8 19. Nc3 Qa5 20. Rac1 Be6
21. Nd4 Rac8 22. Nxe6 fxe6 23. Bd2 Red8 24. Nd5 Qxd2 25. Nxe7+ Kf7 26. Nxc8 Rxc8
27. Rcd1 Qa5 28. Bh3 Rc6 29. Rd2 Qxd2 {White resigns} 0-1